 Dungeon Crawl Stone Soup version 0.30.1 (webtiles) character file.

Game seed: 749715510481531702

69692 xerfel the Spry (level 15, -16/103 HPs)
             Began as a Kobold Brigand on July 3, 2023.
             Was the Champion of Wu Jian.
             Demolished by a spriggan defender simulacrum (21 damage)
             ... in an ice cave.
             The game lasted 02:20:37 (25229 turns).

xerfel the Spry (Kobold Brigand)                   Turns: 25229, Time: 02:20:37

Health: -16/103    AC:  9    Str:  8    XL:     15   Next: 75%
Magic:  22/22      EV: 40    Int: 14    God:    Wu Jian [******]
Gold:   1089       SH:  0    Dex: 23    Spells: 14/14 levels left

rFire   + . .        q - +2 rapier (vamp)
rCold   + . .        (no shield)
rNeg    . . .        O - +0 steam dragon scales
rPois   +            s - +0 helmet
rElec   +            c - +0 cloak
rCorr   +            L - +1 pair of gloves
SInv    .            (no boots)
Will    +....        (no amulet)
Stlth   +++++        I - +5 ring of evasion
HPRegen 0.37/turn    W - +5 ring of evasion
MPRegen 0.18/turn

%: no passive effects
@: resistant
A: small, no large weapons, nightstalker 3
a: Renounce Religion, Wall Jump, Serpent's Lash, Heavenly Storm


You were in an ice cave.
You worshipped Wu Jian.
Wu Jian was exalted by your worship.
You visited 4 branches of the dungeon, and saw 21 of its levels.
You also visited: Ice Cave.

You collected 1369 gold pieces.
You spent 280 gold pieces at shops.

Inventory:

Hand Weapons
 q - a +2 vampiric rapier (weapon)
 N - a +0 rapier
Missiles
 d - 48 poisoned darts (quivered)
Armour
 c - a +0 cloak (worn)
 s - a +0 helmet (worn)
 L - a +1 pair of gloves (worn)
 O - +0 steam dragon scales (worn)
Jewellery
 b - a ring of poison resistance
 z - a ring of fire
 D - the amulet of Elyvilon's Reproof {RegenMP rC- Str+2 Int+2 Dex+3}
   (You found it on level 5 of the Dungeon)

   [amulet of magic regeneration]

   It increases your rate of magic regeneration.
   Str:       It affects your strength (+2).
   Int:       It affects your intelligence (+2).
   Dex:       It affects your dexterity (+3).
   rC:        It makes you vulnerable to cold.
 I - a +5 ring of evasion (left hand)
 W - a +5 ring of evasion (right hand)
Wands
 o - a wand of digging (4)
 t - a wand of flame (23)
 w - a wand of light (11)
 A - a wand of mindburst (9)
 F - a wand of polymorph (9)
 G - a wand of charming (11)
 T - a wand of iceblast (12)
Scrolls
 f - 2 scrolls of blinking
 g - 4 scrolls of enchant weapon
 i - 3 scrolls of identify {@r1}
 j - a scroll of butterflies
 n - 3 scrolls of fog
 u - 3 scrolls of enchant armour
 x - 2 scrolls of magic mapping
 J - 4 scrolls of teleportation
 P - a scroll of fear
 R - 3 scrolls of silence
Potions
 h - a potion of ambrosia
 l - 4 potions of haste
 p - 2 potions of heal wounds {@q2}
 B - 7 potions of curing {@q1}
 C - 2 potions of brilliance
 E - 3 potions of might
 H - a potion of flight
 M - a potion of invisibility
 U - a potion of magic


   Skills:
 + Level 15.0 Fighting
 - Level 14.0 Short Blades
 - Level 10.0 Throwing
 + Level 17.1 Dodging
 - Level 8.0 Stealth
 - Level 10.0 Invocations
 - Level 8.0 Evocations


You had 14 spell levels left.
You didn't know any spells.
Your spell library contained the following spells:

 Spells                   Type           Power      Damage    Failure   Level
 Slow                     Hex            0%         N/A       28%         1
 Summon Small Mammal      Summ           0%         N/A       28%         1
 Ensorcelled Hibernation  Hex/Ice        0%         N/A       41%         2
 Static Discharge         Conj/Air       0%         2-2/arc   41%         2
 Call Canine Familiar     Summ           0%         N/A       65%         3
 Confusing Touch          Hex            0%         N/A       65%         3
 Gell's Gravitas          Tloc           0%         N/A       65%         3
 Hailstorm                Conj/Ice       0%         3d3       65%         3
 Inner Flame              Hex/Fire       0%         N/A       65%         3
 Ozocubu's Armour         Ice            0%         N/A       65%         3
 Portal Projectile        Hex/Tloc       0%         N/A       65%         3
 Spider Form              Tmut/Pois      0%         N/A       65%         3
 Summon Guardian Golem    Hex/Summ       0%         N/A       65%         3
 Teleport Other           Tloc           0%         N/A       65%         3
 Vampiric Draining        Necr           0%         2d6       65%         3
 Vhi's Electric Charge    Tloc/Air       0%         N/A       65%         3
 Volatile Blastmotes      Fire/Tloc      0%         2d10      65%         3
 Anguish                  Hex/Necr       0%         N/A       96%         4
 Fulminant Prism          Conj/Hex       0%         3d5       96%         4
 Ice Form                 Ice/Tmut       0%         N/A       96%         4
 Iskenderun's Mystic Bla  Conj/Tloc      0%         2d3       96%         4
 Leda's Liquefaction      Hex/Erth       0%         N/A       96%         4
 Arcjolt                  Conj/Air       0%         1d10      100%        5
 Lee's Rapid Deconstruct  Erth           0%         3d4*      100%        5
 Metabolic Englaciation   Hex/Ice        0%         N/A       100%        5
 Dispersal                Tloc           0%         N/A       100%        6
 Plasma Beam              Fire/Air       0%         2x1d11    100%        6
 Simulacrum               Ice/Necr       0%         N/A       100%        6
 Orb of Destruction       Conj           0%         9d5       100%        7
 Ozocubu's Refrigeration  Ice            0%         4d7       100%        7
 Spellforged Servitor     Conj/Summ      0%         N/A       100%        7
 Maxwell's Capacitive Co  Air            0%         ∞         100%        8


Dungeon Overview and Level Annotations

Branches:
Dungeon (14/15)            Temple (1/1) D:5            Lair (5/5) D:8
 Shoals (0/4) Lair:2       Spider (0/4) Lair:3        Slime (1/5) Lair:4
    Orc (0/2) D:12         Vaults (0/5) D:13          IceCv (1/1)

Altars:
Ashenzari
Cheibriados
Dithmenos
Elyvilon
Fedhas
Gozag
Hepliaklqana
Kikubaaqudgha
Makhleb
Nemelex Xobeh
Okawaru
Qazlal
Ru
Sif Muna
Trog
Uskayaw
Vehumet
Wu Jian
Xom
Yredelemnul
Zin
The Shining One

Shops:
D:3 ?   D:4 :   D:9 ?   D:11 =

Annotations:
D:6 salammoniac's ghost, novice DsWn
D:14 1 transporter, cdecastro's ghost, journeyman DrTm IceCv exclusion: obsidian statue


Innate Abilities, Weirdness & Mutations

You are small and have problems with some larger weapons.
You are completely attuned to the shadows.


Message History

Press: ? - help, Dir - move target
As you read the scroll of blinking, it crumbles to dust.
You are engulfed in freezing vapours.
* * * LOW HITPOINT WARNING * * *
You feel much better.
You are engulfed in freezing vapours.
* * * LOW HITPOINT WARNING * * *
Okay, then.
You feel protected.
You are engulfed in freezing vapours.
You resist.
* * * LOW HITPOINT WARNING * * *
The freezing wraith completely misses you.
The freezing wraith misses you.
You feel much better.
You are engulfed in freezing vapours.
You resist.
The spriggan defender simulacrum completely misses you.
The freezing wraith completely misses you. x2
You spin and attack the spriggan defender simulacrum repeatedly.
You completely miss the spriggan defender simulacrum.
You puncture the spriggan defender simulacrum!
The spriggan defender simulacrum is lightly damaged.
You spin and attack the freezing wraith repeatedly.
You hit the freezing wraith.
The freezing wraith is lightly damaged.
You barely miss the freezing wraith.
The freezing wraith is lightly damaged.
The spriggan defender simulacrum misses you.
The freezing wraith misses you.
The freezing wraith completely misses you.
The spriggan defender simulacrum attacks as you move away!
The spriggan defender simulacrum completely misses you. x2
The spriggan defender simulacrum attacks as you move away!
The spriggan defender simulacrum hits you!
* * * LOW HITPOINT WARNING * * *
The spriggan defender simulacrum freezes you!
You resist.
* * * LOW HITPOINT WARNING * * *
The spriggan defender simulacrum hits you!
* * * LOW HITPOINT WARNING * * *
The spriggan defender simulacrum freezes you!!
You resist.
You die...

#### ##..## #### 8..Z..
##....#####..####.....W
#.......##....##.......
#.∩.∩.@ZW...#..........
#..........###°........
##....##..##○§°#°...Z..
##..#######☼.###......
#### #§☼ #....... ##☼
##.....# #....## ##..##


You could see a freezing wraith and a spriggan defender simulacrum.

Vanquished Creatures
  Rupert (Lair:5)
  A rockslime (Slime:1)
  A yaktaur captain (D:13)
  4 catoblepae
  Fannar (D:10)
  3 hydras
  4 centaur warriors
  4 boulder beetles
  4 two-headed ogres
  6 death yaks (Lair:5)
  A tengu warrior (D:14)
  Urug (D:11)
  A skyshark (Lair:5)
  Lodul (D:11)
  Pikel (D:5)
  2 deep elf pyromancers (D:13)
  2 ugly things
  2 manticores (Lair:5)
  2 merfolk sirens (Lair:2)
  2 cyclopes
  10 elephants
  7 black mambas
  8 cane toads
  4 unseen horrors
  A torpor snail (Lair:3)
  3 rime drakes
  4 komodo dragons
  A freezing wraith (D:12)
  2 yaktaurs (D:13)
  An efreet (D:13)
  2 tengu conjurers
  A troll (D:12)
  2 merfolk (Lair:2)
  A polar bear (Lair:5)
  A queen bee (Lair:3)
  16 blink frogs
  6 slime creatures
  2 wraiths (D:11)
  Sigmund (D:3)
  7 wyverns
  90 yaks
  A vampire (D:11)
  5 basilisks (Lair:3)
  Eustachio (D:6)
  A steam dragon (D:7)
  2 redbacks (Lair:3)
  A minotaur simulacrum (IceCv)
  2 acid dragons
  2 swamp worms (Lair:1)
  12 water moccasins
  2 sky beasts (D:7)
  Duvessa (D:5)
  6 orc warriors
  3 ice beasts (D:7)
  6 black bears
  9 ogres
  A boggart (D:14)
  9 wolves
  8 centaurs
  A phantom (D:6)
  4 lemures
  Blork the orc (D:4)
  5 kobold brigands
  15 bullfrogs
  A gnoll sergeant (D:13)
  A deep troll simulacrum (IceCv)
  3 scorpions
  11 wights
  Dowan (D:5)
  43 killer bees
  9 howler monkeys
  2 electric eels
  4 quasits (D:6)
  4 jellies
  6 orc priests
  A gnoll bouda (D:5)
  3 hounds
  7 iguanas
  Ijyb (D:5)
  17 orc wizards
  4 sleepcaps
  A hell rat (Lair:3)
  12 gnolls
  9 adders
  2 shadow imps
  A white imp (D:6)
  2 ufetubi
  5 worms
  2 dart slugs (D:3)
  50 orcs
  10 endoplasms
  7 giant cockroaches
  6 goblins
  6 hobgoblins
  3 jackals (D:4)
  6 quokkas
  7 ball pythons
  9 bats
  2 frilled lizards
  18 kobolds
  3 rats
  3 rat zombies (D:10)
  A spectral hobgoblin (D:8)
  A spectral kobold (D:1)
596 creatures vanquished.

Vanquished Creatures (collateral kills)
  An orc (D:7)
1 creature vanquished.

Vanquished Creatures (others)
  An unseen horror (D:11)
  Prince Ribbit (D:7)
2 creatures vanquished.

Grand Total: 599 creatures vanquished

Notes
Turn   | Place    | Note
-------+----------+-------------------------------------------
     0 | D:1      | xerfel the Kobold Brigand began the quest for the Orb.
     0 | D:1      | Reached XP level 1. HP: 12/12 MP: 1/1
    94 | D:1      | Reached XP level 2. HP: 18/18 MP: 2/2
   304 | D:1      | Found a faded altar of an unknown god.
   577 | D:1      | Reached XP level 3. HP: 21/21 MP: 3/3
  1701 | D:2      | Reached XP level 4. HP: 28/28 MP: 4/4
  2128 | D:3      | Found a radiant altar of Vehumet.
  2539 | D:3      | Reached XP level 5. HP: 32/32 MP: 5/5
  2823 | D:3      | Noticed Sigmund
  2826 | D:3      | Killed Sigmund
  2827 | D:3      | Reached skill level 5 in Short Blades
  2827 | D:3      | Reached XP level 6. HP: 39/39 MP: 6/6
  3010 | D:3      | Found Ori Erod's Magic Scroll Shoppe.
  3018 | D:3      | Bought a scroll of magic mapping for 90 gold pieces
  3018 | D:3      | Bought a scroll of teleportation for 36 gold pieces
  3532 | D:4      | Found Firramocs's Book Boutique.
  3536 | D:4      | Reached XP level 7. HP: 42/44 MP: 7/7
  3693 | D:4      | Found an opulent altar of Gozag.
  3694 | D:4      | Found a glowing silver altar of Zin.
  3966 | D:4      | Reached skill level 5 in Fighting
  3966 | D:4      | Reached skill level 5 in Throwing
  4438 | D:5      | Entered Level 5 of the Dungeon
  4492 | D:5      | Found a sparkling altar of Nemelex Xobeh.
  4534 | D:5      | Reached XP level 8. HP: 49/50 MP: 8/8
  4898 | D:5      | Identified the amulet of Elyvilon's Reproof {RegenMP rC-
                  | Str+2 Int+2 Dex+3}
  4949 | D:5      | Noticed Ijyb
  4960 | D:5      | Killed Ijyb
  5016 | D:5      | Reached skill level 2 in Dodging
  5019 | D:5      | Noticed Duvessa
  5020 | D:5      | Noticed Dowan
  5039 | D:5      | Killed Duvessa
  5783 | D:5      | Reached skill level 3 in Dodging
  5783 | D:5      | Noticed Blork the orc
  6022 | D:4      | Killed Blork the orc
  6121 | D:4      | Reached XP level 9. HP: 14/55 MP: 9/9
  6494 | D:5      | Noticed Pikel
  6507 | D:5      | Found a staircase to the Ecumenical Temple.
  6518 | Temple   | Entered the Ecumenical Temple
  6716 | Temple   | Became a worshipper of the Wu Jian Council
  6889 | D:6      | Noticed Eustachio
  6892 | D:6      | Killed Eustachio
  6893 | D:6      | Reached skill level 4 in Dodging
  7308 | D:6      | Found a broken altar of Ashenzari.
  7414 | D:6      | Found a transporter.
  7428 | D:6      | Found a transporter.
  7430 | D:6      | Noticed salammoniac's ghost (novice DsWn)
  7746 | D:7      | Reached skill level 5 in Dodging
  7904 | D:7      | HP: 1/56 [something (9)]
  7919 | D:7      | Killed an unseen horror
  8258 | D:7      | Reached skill level 6 in Dodging
  8295 | D:7      | Noticed Prince Ribbit
  8309 | D:7      | Your ally Prince Ribbit died
  8419 | D:7      | Reached skill level 10 in Short Blades
  8563 | D:7      | Reached XP level 10. HP: 61/61 MP: 10/10
  8697 | D:7      | Identified the +10 war axe of Coengees {antimagic, Will+}
  8727 | D:7      | Reached * piety under Wu Jian
  8752 | D:7      | Reached skill level 7 in Dodging
  8829 | D:7      | Reached skill level 8 in Dodging
  9231 | D:3      | Bought a scroll of blinking for 90 gold pieces
  9411 | D:5      | Killed Pikel
  9699 | D:5      | Killed Dowan
  9761 | D:6      | Identified the ring "Niunebef" {+Blink Dex+6}
  9979 | D:7      | Reached skill level 1 in Evocations
  9996 | D:7      | Reached ** piety under Wu Jian
 10006 | D:7      | Reached skill level 9 in Dodging
 10398 | D:8      | Reached XP level 11. HP: 68/68 MP: 11/11
 10521 | D:8      | Noticed a two-headed ogre
 10729 | D:8      | Found a blossoming altar of Fedhas.
 10770 | D:8      | Found a shimmering blue altar of Sif Muna.
 11173 | D:8      | Found a hazy altar of Hepliaklqana.
 11453 | D:8      | Found a glowing golden altar of the Shining One.
 11501 | D:8      | Found a white marble altar of Elyvilon.
 11616 | D:8      | Found a staircase to the Lair.
 11721 | D:8      | Reached skill level 10 in Dodging
 12514 | D:9      | Reached *** piety under Wu Jian
 12586 | D:9      | Found a burning altar of Makhleb.
 12820 | D:9      | Found Onalauc's Magic Scroll Shop.
 12826 | D:9      | Bought a scroll of identify for 32 gold pieces
 12826 | D:9      | Bought a scroll of identify for 32 gold pieces
 12961 | D:9      | Reached skill level 11 in Dodging
 13128 | D:9      | Identified the staff of death "Pueniw" {rN+ rCorr Int+3
                  | Dex-2}
 13204 | D:10     | Entered Level 10 of the Dungeon
 13260 | D:10     | Noticed a two-headed ogre
 13263 | D:10     | Killed a two-headed ogre
 13282 | D:10     | Reached skill level 5 in Evocations
 13282 | D:10     | Reached XP level 12. HP: 76/76 MP: 12/12
 13411 | D:10     | Reached skill level 1 in Invocations
 13473 | D:10     | Noticed a two-headed ogre
 13476 | D:10     | Killed a two-headed ogre
 13549 | D:10     | Noticed Fannar
 13551 | D:10     | Killed Fannar
 13635 | D:10     | Noticed a two-headed ogre
 13641 | D:10     | Killed a two-headed ogre
 13831 | D:10     | Reached **** piety under Wu Jian
 13907 | D:10     | Found a shimmering altar of Xom.
 13987 | D:10     | Found an ancient bone altar of Kikubaaqudgha.
 14067 | D:11     | Found Xeg Vios's Jewellery Boutique.
 14101 | D:11     | Reached skill level 12 in Dodging
 14213 | D:11     | Reached skill level 5 in Invocations
 14354 | D:11     | Noticed Urug
 14375 | D:11     | Reached skill level 10 in Fighting
 14636 | D:11     | Noticed Lodul
 14639 | D:11     | Killed Lodul
 14899 | D:11     | Killed Urug
 15205 | D:12     | Reached XP level 13. HP: 65/83 MP: 17/17
 15749 | D:12     | Found a blossoming altar of Fedhas.
 15963 | D:12     | Found a staircase to the Orcish Mines.
 15965 | D:12     | Reached ***** piety under Wu Jian
 16242 | Lair:1   | Entered Level 1 of the Lair of Beasts
 16646 | Lair:1   | Reached skill level 13 in Dodging
 16680 | Lair:1   | Noticed a catoblepas
 16685 | Lair:1   | Killed a catoblepas
 17783 | Lair:2   | Got the Encyclopedia of Searing Fumes
 17892 | Lair:2   | Found a staircase to the Shoals.
 18633 | Lair:3   | Reached XP level 14. HP: 91/91 MP: 20/20
 18897 | Lair:3   | Found a hole to the Spider Nest.
 19080 | Lair:3   | Reached skill level 14 in Dodging
 20263 | Lair:4   | Found a staircase to the Slime Pits.
 20620 | Lair:4   | Reached skill level 10 in Throwing
 20705 | Lair:4   | Reached ****** piety under Wu Jian
 20782 | Lair:4   | You fall into a shaft and drop 1 floor!
 20782 | Lair:5   | Entered Level 5 of the Lair of Beasts
 21421 | Slime:1  | Entered Level 1 of the Pits of Slime
 21421 | Slime:1  | Noticed a rockslime
 21423 | Slime:1  | Killed a rockslime
 21573 | Lair:5   | Reached skill level 10 in Invocations
 21607 | Lair:5   | Reached skill level 15 in Dodging
 21800 | Lair:5   | Noticed Rupert
 21803 | Lair:5   | Killed Rupert
 21804 | Lair:5   | Reached XP level 15. HP: 99/99 MP: 22/22
 22302 | Lair:5   | Reached skill level 16 in Dodging
 24088 | D:13     | Identified the +9 trident of the Mouth {speed, rElec rF+
                  | Str-5 Dex+2}
 24397 | D:13     | Found a gate to the Vaults.
 24869 | D:14     | Found a transporter.
 24871 | D:14     | Noticed cdecastro's ghost (journeyman DrTm)
 24907 | D:14     | Reached skill level 15 in Fighting
 24907 | D:14     | Reached skill level 17 in Dodging
 24927 | D:14     | Found a frozen archway.
 25072 | IceCv    | Entered an ice cave
 25229 | IceCv    | HP: 5/103 [spriggan defender simulacrum (17)]
 25229 | IceCv    | Demolished by a spriggan defender simulacrum

Illustrated notes

Levels and vault maps discovered:
D:1:      dreamdust_arrival_beginning_and_end, layout_basic,
          dreamdust_ecumenical_altar_drowned_temple, nrook_loot_triangle,
          minmay_misc_feat_room, st_stairs_2
D:2:      layout_basic
D:3:      minmay_chambers_of_threes, layout_loops_corners,
          vehumet_altar_wand_db, serial_shops, shop, uniq_sigmund
D:4:      layout_basic, grunt_temple_overflow_gold_and_silver, serial_shops,
          shop, minmay_misc_feat_tower, minmay_a_box_with_orc_wizards_in_it
D:5:      layout_loops_ring, nicolae_overflow_crystal_walls,
          minmay_temple_entry_grid, minmay_holes, uniq_pikel, uniq_ijyb,
          uniq_blork_the_orc, uniq_duvessa
D:6:      layout_basic, ashenzari_conservatory_becter,
          gammafunk_ghost_stat_death, item_on_display_a, uniq_eustachio
D:7:      nzn_winding_woodlands_medium [nzn_winding_woodlands_hourglass,
          nzn_winding_woodlands_5x15_eye, nzn_winding_woodlands_5x5_cross,
          nzn_winding_woodlands_5x5_default,
          nzn_winding_woodlands_center_pierced_h,
          nzn_winding_woodlands_5x5_open_star, nzn_winding_woodlands_5x5_three,
          nzn_winding_woodlands_5x15_zeroes,
          nzn_winding_woodlands_5x5_perimeter], layout_loops_ring,
          uniq_prince_ribbit1
D:8:      layout_layer_cave, nicolae_hepliaklqana_monster_ancestors,
          old_standard_altar, lemuel_doored_altar,
          nicolae_elyvilon_peaceful_grove, tso_altar
D:9:      layout_basic, mainiacjoe_overflow_small_starburst, serial_shops,
          kennysheep_little_box, grunt_ogre_cave
D:10:     layout_loops_ring, lemuel_zombie_altar_kikubaaqudgha,
          mainiacjoe_overflow_alcove_4, uniq_fannar
D:11:     layout_roguey, serial_shops, shop, corner_web_ring, dk_noncrumbling_4,
          uniq_lodul, uniq_urug
D:12:     layout_basic, david_orc_5, fedhas_altar_fruit_tree
D:13:     layout_roguey, david_vaults_2
D:14:     layout_small_grid, gammafunk_ghost_berserking_beasts,
          portal_ice_cave_entry_pillars_three, nrook_guardian_serpent_ordinary,
          uniq_roxanne
Temple:   chequers_temple_sunken
Lair:1:   layout_big_grid, worms_lemuel, grunt_megastairs_4,
          infiniplex_staircase_pool
Lair:2:   layout_regular_city, elwin_shoals_entry_stream, beast_lair_carwin_6
Lair:3:   regret_index_bee_streams, layout_chaotic_city, spider_nest_entry_a
Lair:4:   layout_cave_pods, nicolae_slime_entry_field_trip
Lair:5:   evilmike_catoblepas_cave, layout_gridlike, serial_bayou_shore_b,
          uniq_rupert
Slime:1:  layout_caves
IceCv:    ice_cave_small_demon

Skill      XL: |  1  2  3  4  5  6  7  8  9 10 11 12 13 14 15 |
---------------+----------------------------------------------+-----
Short Blades   | 3 4 5 6 8 10 12 14 | 14.0
Fighting       | 3 4 5 6 8 9 10 11 13 15 | 15.0
Throwing       | 3 4 5 6 8 10 | 10.0
Dodging        | 3 6 9 11 12 13 15 17 | 17.1
Stealth        | 6 8 |  8.0
Evocations     | 2 5 7 8 |  8.0
Invocations    | 5 8 10 | 10.0

Action                     |  1- 3 |  4- 6 |  7- 9 | 10-12 | 13-15 || total
---------------------------+-------+-------+-------+-------+-------++-------
  Melee: Dagger            |    64 |    74 |   347 |    41 |       ||   526
         Punch             |       |     1 |     4 |    13 |    20 ||    38
         Rapier            |       |       |       |   547 |  1328 ||  1875
  Throw: Dart              |    14 |    10 |    64 |    24 |    81 ||   193
 Invoke: Serpent's Lash    |       |       |       |     1 |     1 ||     2
Ability: Lunge             |       |       |     9 |    53 |    92 ||   154
         Whirlwind         |       |       |       |    47 |   125 ||   172
         Evoke Blink       |       |       |       |     2 |       ||     2
         Wall Jump         |       |       |       |     3 |    57 ||    60
  Evoke: Wand              |       |     2 |    10 |     6 |     5 ||    23
         Tin of tremorston |       |       |       |     1 |       ||     1
    Use: Scroll            |     3 |       |     6 |    14 |    11 ||    34
         Potion            |       |     1 |     4 |       |     4 ||     9
   Stab: Sleeping          |    19 |    23 |    25 |    54 |    92 ||   213
         Distracted        |       |     1 |     1 |     5 |     7 ||    14
         Petrifying        |       |       |       |       |     2 ||     2
         Petrified         |       |       |       |       |     1 ||     1
 Armour: Robe              |    12 |    10 |    15 |       |       ||    37
         Leather armour    |       |       |    63 |       |       ||    63
         Steam dragon scal |       |       |     4 |    81 |    87 ||   172
  Dodge: Dodged            |    35 |    47 |   182 |   487 |  1055 ||  1806
